 Dungeon Crawl Stone Soup version 0.30-a0-49-g1cef19eb02 (webtiles) character file.

Game seed: 3093660169090722801

67715 Newt the Carver (level 14, -2/165 HPs)
             Began as a Demonspawn Gladiator on Sept 2, 2022.
             Was the Champion of Makhleb.
             Killed from afar by an eleionoma (36 damage)
             ... with a spray of wooden splinters
             ... on level 1 of the Swamp.
             The game lasted 00:36:46 (20418 turns).

Newt the Carver (Demonspawn Gladiator)             Turns: 20418, Time: 00:36:46

Health: -2/165     AC: 31    Str: 17    XL:     14   Next: 84%
Magic:  21/21      EV:  2    Int: 13    God:    Makhleb [******]
Gold:   1018       SH:  0    Dex: 16    Spells: 19/19 levels left

rFire   . . .      SeeInvis .    a - +10 falchion "Niyh" {drain, rPois}
rCold   + . .      Faith    .    (no shield)
rNeg    . . .      Spirit   .    (body armour currently unavailable)
rPois   +          Reflect  .    (helmet currently unavailable)
rElec   +          Harm     .    (cloak currently unavailable)
rCorr   .          Rampage  .    (gloves unavailable)
Will    +....      NoTele   +    (boots currently unavailable)
Stlth   +++.......               J - amulet "Icaczepp" {Contam rElec rPois Regen+}
HPRegen 1.17/turn                r - ring of protection from cold
MPRegen 0.17/turn                R - +4 ring of protection

@: mighty, tree-form, hasted, very quick
A: stationary, stasis, torment immunity, boosted hp, (slimy green scales 1),
powered by pain 2, (spiny 2), (demonic touch 3), (talons 1), clever 1, evolution
1
a: Renounce Religion, Minor Destruction, Lesser Servant of Makhleb, Major
Destruction, Greater Servant of Makhleb


You were on level 1 of the Swamp.
You worshipped Makhleb.
Makhleb was exalted by your worship.
You were a tree.
You visited 4 branches of the dungeon, and saw 22 of its levels.

You collected 1685 gold pieces.
You spent 667 gold pieces at shops.

Inventory:

Hand Weapons
 a - the +10 falchion "Niyh" (weapon) {drain, rPois}
   (You found it on level 5 of the Dungeon)

   A truly terrible weapon, it drains the life of any living foe it strikes.
   rPois:     It protects you from poison.
 l - a +1 short sword of electrocution
 m - a +2 quarterstaff of chaos
 p - a +2 short sword of electrocution
 y - a +0 rapier
 F - a +2 long sword
 G - a +0 demon whip of venom
Missiles
 e - 11 javelins (quivered)
 Y - 3 throwing nets
Armour
 c - a +0 helmet (melded)
 n - a +1 cloak of stealth (melded)
 W - a +1 pair of boots of flying (melded)
 X - the +2 plate armour of Midnight (melded) {Rampage +Inv}
   (You bought it in a shop on level 13 of the Dungeon)

   +Inv:      It lets you turn invisible.
   Rampage:   It bestows one free step when moving towards enemies.
Jewellery
 r - a ring of protection from cold (left branch)
 w - a +6 ring of strength
 x - a ring of poison resistance
 z - a ring of resist corrosion
 J - the amulet "Icaczepp" (around neck) {Contam rElec rPois Regen+}
   (You found it on level 9 of the Dungeon)

   [amulet of regeneration]

   rElec:     It insulates you from electricity.
   rPois:     It protects you from poison.
   Contam:    It causes magical contamination when unequipped.
   Regen:     It increases your rate of health regeneration.
 L - a ring of protection from cold
 P - a +6 ring of strength
 R - a +4 ring of protection (right branch)
Wands
 q - a wand of flame (42)
 A - a wand of iceblast (13)
 E - a wand of polymorph (13)
 S - a wand of light (5)
Scrolls
 f - a scroll of blinking
 i - 2 scrolls of fear
 s - 13 scrolls of teleportation
 t - 4 scrolls of magic mapping
 K - 3 scrolls of silence
 N - 7 scrolls of identify
 Q - a scroll of poison
 T - a scroll of enchant weapon
Potions
 d - 4 potions of attraction
 g - 5 potions of curing
 h - 3 potions of haste
 k - 2 potions of berserk rage
 v - 2 potions of might
 B - 3 potions of mutation
 C - 5 potions of brilliance
 D - 2 potions of lignification
 M - 3 potions of magic
 V - a potion of resistance
Miscellaneous
 H - a piece from Xom's chessboard (15/15)
 U - a tin of tremorstones (2/2)


   Skills:
 - Level 10.0 Fighting
 - Level 4.6(10.0) Short Blades
 - Level 13.6(14.0) Long Blades
 - Level 1.3(1.6) Maces & Flails
 - Level 1.1(1.5) Staves
 - Level 1.7 Throwing
 - Level 12.0 Armour
 + Level 8.9 Dodging
 - Level 5.0 Stealth
 - Level 3.0 Spellcasting
 - Level 3.1 Transmutations
 - Level 10.0 Invocations
 - Level 5.0 Evocations


You had 19 spell levels left.
You didn't know any spells.
Your spell library contained the following spells:

 Spells                   Type           Power      Damage    Failure   Level
 Beastly Appendage        Tmut           20%        N/A       6%          1
 Wereblood                Tmut           10%        N/A       10%         2
 Passwall                 Tmut/Erth      5%         N/A       19%         2
 Apportation              Tloc           4%         N/A       22%         1
 Freeze                   Ice            8%         1d3       22%         1
 Necrotise                Necr           8%         1d4       22%         1
 Sandblast                Erth           4%         2d4       22%         1
 Shock                    Conj/Air       8%         1d3       22%         1
 Summon Small Mammal      Summ           8%         N/A       22%         1
 Spider Form              Tmut/Pois      6%         N/A       36%         3
 Dazzling Flash           Conj/Hex       4%         N/A       56%         3
 Frozen Ramparts          Ice            4%         1d1       56%         3
 Inner Flame              Hex/Fire       2%         N/A       56%         3
 Stone Arrow              Conj/Erth      4%         3d7       56%         3
 Swiftness                Air            2%         N/A       56%         3
 Airstrike                Air            1%         2d(1-17)  92%         4
 Animate Armour           Summ/Erth      4%         N/A       92%         4
 Cause Fear               Hex            1%         N/A       92%         4
 Corpse Rot               Necr/Pois/Air  2%         N/A       92%         4
 Dispel Undead            Necr           2%         3d7       92%         4
 Fulminant Prism          Conj/Hex       1%         3d6       92%         4
 Hailstorm                Conj/Ice       2%         3d3       92%         4
 Iskenderun's Mystic Bla  Conj/Tloc      2%         2d3       92%         4
 Alistair's Intoxication  Tmut/Pois      4%         N/A       98%         5
 Borgnjor's Vile Clutch   Necr/Erth      1%         N/A       99%         5
 Lee's Rapid Deconstruct  Erth           1%         3d5*      99%         5
 Summon Forest            Summ/Tloc      1%         N/A       99%         5
 Death Channel            Necr           1%         N/A       100%        6
 Eringya's Noxious Bog    Tmut/Pois      3%         N/A       100%        6
 Starburst                Conj/Fire      1%         6d3       100%        6
 Summon Hydra             Summ           1%         N/A       100%        7
 Discord                  Hex            1%         N/A       100%        8
 Lehudib's Crystal Spear  Conj/Erth      1%         10d2      100%        8


Dungeon Overview and Level Annotations

Branches:
Dungeon (15/15)            Temple (1/1) D:4            Lair (5/5) D:11
  Swamp (1/4) Lair:2       Spider (0/4) Lair:3        Slime (0/5) Lair:4
    Orc (0/2) D:12         Vaults (0/5) D:13
 Depths: D:15

Altars:
Ashenzari
Cheibriados
Dithmenos
Fedhas
Gozag
Hepliaklqana
Kikubaaqudgha
Makhleb
Nemelex Xobeh
Okawaru
Qazlal
Ru
Sif Muna
Trog
Uskayaw
Vehumet
Wu Jian
Xom
Yredelemnul
Jiyva

Shops:
D:13 [   D:15 **


Innate Abilities, Weirdness & Mutations

You are a tree.
Your roots penetrate the ground, keeping you stationary.
You cannot be teleported.
You are immune to unholy pain and torment.
Your maximum health is greatly increased.
Your equipment is partially melded.
((You are partially covered in slimy green scales. (AC +2)))
You sometimes gain power by taking damage.
((You are mostly covered in sharp spines.))
((Your touch may irresistibly damage your foes and sap their willpower.))
((You have sharp toenails.))
Your mind is acute. (Int +4, Str/Dex -1)
You have hidden genetic potential.


Message History

The bunyip claws you!!
* * * LOW HITPOINT WARNING * * *
Unknown command.
You slash the bunyip! You drain the bunyip.
The bunyip is moderately wounded.
The spriggan druid hits you but does no damage.
A swamp dragon comes into view.
Unknown command.
You slice the bunyip!! You drain the bunyip.
The bunyip is severely wounded.
Unknown command.
You slice the bunyip!!
The bunyip is almost dead.
The swamp worm barely misses you.
Unknown command.
The eight-headed hydra roars!
You slash the bunyip!
You kill the bunyip!
Makhleb accepts your kill.
You feel better.
The spriggan druid hits you but does no damage.
Unknown command.
You hit the swamp worm. You drain the swamp worm.
The swamp worm is moderately wounded.
The swamp worm bites you but does no damage.
Unknown command.
You slash the swamp worm! You drain the swamp worm.
The swamp worm is almost dead.
The spriggan druid hits you with a +0 quarterstaff.
* * * LOW HITPOINT WARNING * * *
Unknown command.
You slash the swamp worm!
You kill the swamp worm!
Makhleb accepts your kill.
You feel better.
The eight-headed hydra seems to regain its courage.
The eleionoma seems to regain its courage.
The eleionoma hurls a spray of splinters at you.
The spray of wooden splinters hits you!!!
You die...

♣.~♣.♣..# ♣♣♣
~~~♣.~~.#
♣♣♣♣i♣♣♣♣~..~.~♣.
♣♣..♣~..~...~.~♣..
♣♣~~~♣)~~~~~~~~~...
♣♣~~..~.~~~.~~~~~~..
♣..~~♣§~~R~.>~~~~~~♣
♣.....~~♣~~~?§~~.~♣
♣♣.~~..~♣†D~?~§~.♣♣
♣.§~ixD.~.<..♣.♣♣
♣.♣~~[.♣.♣♣♣..~..♣
♣..~)~♣♣♣♣ ♣.~~~~.


You could see an eleionoma, an eight-headed hydra, a swamp dragon and a spriggan
druid.

Vanquished Creatures
  An ironbound preserver (D:13)
  2 bunyips (Swamp:1)
  A fire dragon (Lair:5)
  3 boulder beetles
  2 catoblepae (Lair:5)
  5 hydras
  4 centaur warriors
  A two-headed ogre (D:13)
  A tengu warrior (D:13)
  12 death yaks
  Urug (D:11)
  Nergalle (D:11)
  Amaemon (Lair:2)
  3 swamp dragons
  A lindwurm (Lair:5)
  2 wolf spiders (Lair:2)
  4 manticores
  3 cyclopes
  6 ugly things
  16 elephants
  A black mamba (Lair:5)
  11 cane toads
  A torpor snail (Lair:2)
  An orange demon (Lair:2)
  A kobold demonologist (D:13)
  Psyche (D:11)
  An unseen horror (D:10)
  6 rime drakes
  9 komodo dragons
  3 polar bears
  A tyrant leech (Swamp:1)
  2 meliai (D:15)
  A wind drake (shapeshifter) (D:13)
  4 blink frogs (Lair:2)
  8 trolls
  A blink frog (shapeshifter) (D:11)
  3 hornets
  5 slime creatures
  12 dream sheep
  2 spriggans (Swamp:1)
  36 yaks
  4 wraiths
  A wyvern (Lair:5)
  9 basilisks
  7 humans (D:11)
  A human (shapeshifter) (D:13)
  A steam dragon (Lair:5)
  A redback (Lair:3)
  3 swamp worms (Swamp:1)
  An acid dragon (Lair:5)
  13 water moccasins
  4 swamp drakes (Lair:5)
  An ice beast (D:8)
  9 orc warriors
  6 black bears
  9 wolves
  6 centaurs
  A phantom (D:5)
  3 kobold brigands
  2 necrophages
  11 bullfrogs
  A scorpion (D:4)
  3 gnoll sergeants
  4 wights (D:7)
  16 killer bees
  4 electric eels
  4 howler monkeys
  3 jellies
  8 orc priests
  2 gnoll boudas
  5 hounds
  Crazy Yiuf (D:2)
  9 iguanas
  12 orc wizards
  4 hell rats
  27 gnolls
  5 adders
  7 river rats (Lair:5)
  2 white imps
  2 worms
  10 dart slugs
  65 orcs
  6 bats
  14 endoplasms
  6 giant cockroaches
  8 goblins
  11 hobgoblins
  A jackal (D:11)
  17 kobolds
  5 quokkas
  4 ball pythons
  3 frilled lizards
  7 rats
549 creatures vanquished.

Vanquished Creatures (others)
  An orc priest (D:12)
  An iguana (Lair:5)
  An orc wizard (D:12)
  A gnoll (D:6)
  A jackal (D:11)
  18 fungi
  21 plants
44 creatures vanquished.

Grand Total: 593 creatures vanquished

Notes
Turn   | Place    | Note
-------+----------+-------------------------------------------
     0 | D:1      | Newt the Demonspawn Gladiator began the quest for the Orb.
     0 | D:1      | Reached XP level 1. HP: 16/16 MP: 1/1
   117 | D:1      | Reached skill level 1 in Stealth
   405 | D:1      | Gained mutation: Your touch may inflict minor irresistible
                  | damage on your foes. [demonic ancestry]
   405 | D:1      | Reached XP level 2. HP: 8/22 MP: 2/2
   791 | D:1      | Found a faded altar of an unknown god.
   804 | D:1      | Gained mutation: You are partially covered in sharp spines.
                  | [demonic ancestry]
   804 | D:1      | Reached XP level 3. HP: 26/28 MP: 3/3
  1706 | D:2      | Reached XP level 4. HP: 30/37 MP: 4/4
  2161 | D:2      | Found a runed translucent door.
  2162 | D:2      | Noticed Crazy Yiuf
  2284 | D:2      | HP: 1/35 [Crazy Yiuf/+2 quarterstaff of chaos (8)]
  2287 | D:2      | Killed Crazy Yiuf
  2288 | D:2      | Reached skill level 1 in Staves
  2886 | D:3      | Reached XP level 5. HP: 36/42 MP: 5/5
  3324 | D:3      | Found a broken altar of Ashenzari.
  3753 | D:4      | Found a staircase to the Ecumenical Temple.
  3778 | Temple   | Entered the Ecumenical Temple
  3917 | D:4      | Gained mutation: Your touch may inflict irresistible damage
                  | on your foes. [demonic ancestry]
  3917 | D:4      | Reached XP level 6. HP: 43/48 MP: 6/6
  4773 | D:5      | Entered Level 5 of the Dungeon
  4782 | D:5      | Reached skill level 5 in Stealth
  4782 | D:5      | Reached XP level 7. HP: 35/54 MP: 7/7
  4955 | D:5      | Identified the +10 falchion "Niyh" {drain, rPois}
  5016 | D:5      | Reached skill level 1 in Long Blades
  5190 | D:5      | Reached skill level 2 in Long Blades
  5196 | D:5      | Found a snail-covered altar of Cheibriados.
  5207 | D:5      | Reached skill level 3 in Long Blades
  5772 | Temple   | Became a worshipper of Makhleb the Destroyer
  5881 | D:6      | Found a stormy altar of Qazlal.
  5960 | D:6      | Reached skill level 4 in Long Blades
  5961 | D:6      | Reached XP level 8. HP: 45/60 MP: 8/8
  6006 | D:6      | Reached skill level 5 in Long Blades
  6200 | D:6      | Found a shadowy altar of Dithmenos.
  6358 | D:6      | Reached skill level 6 in Long Blades
  6809 | D:7      | Reached skill level 1 in Armour
  6896 | D:7      | Found a bloodstained altar of Trog.
  7092 | D:7      | Gained mutation: You sometimes gain a little power by
                  | taking damage. [demonic ancestry]
  7092 | D:7      | Reached XP level 9. HP: 62/65 MP: 9/9
  7231 | D:7      | Reached skill level 5 in Armour
  7450 | D:7      | Reached * piety under Makhleb
  8161 | D:8      | Found an ornate altar of the Wu Jian Council.
  8164 | D:8      | Found a hazy altar of Hepliaklqana.
  8165 | D:8      | Found a shimmering altar of Xom.
  8169 | D:8      | Found a radiant altar of Vehumet.
  9301 | D:9      | Identified the +0 ring mail "Kiytt" {MP+9 Dex+4}
  9334 | D:9      | Identified the amulet "Icaczepp" {Contam rElec rPois
                  | Regen+}
  9363 | D:9      | Found an opulent altar of Gozag.
  9363 | D:9      | Found an iron altar of Okawaru.
  9379 | D:9      | Reached ** piety under Makhleb
  9381 | D:9      | Reached skill level 5 in Fighting
  9870 | D:10     | Entered Level 10 of the Dungeon
 10097 | D:10     | Noticed a centaur warrior
 10104 | D:10     | Killed a centaur warrior
 10105 | D:10     | Reached skill level 7 in Long Blades
 10105 | D:10     | Gained mutation: You are mostly covered in sharp spines.
                  | [demonic ancestry]
 10105 | D:10     | Reached XP level 10. HP: 46/76 MP: 10/10
 10485 | D:10     | Reached skill level 8 in Long Blades
 10596 | D:10     | Reached skill level 9 in Long Blades
 10992 | D:11     | Noticed a cyan ugly thing
 10998 | D:11     | Killed a cyan ugly thing
 11046 | D:11     | Noticed a cyclops
 11148 | D:11     | Killed a cyclops
 11422 | D:11     | Noticed Psyche
 11449 | D:11     | Reached skill level 5 in Evocations
 11449 | D:11     | Reached skill level 1 in Invocations
 11449 | D:11     | Gained mutation: Your touch may irresistibly damage your
                  | foes and sap their willpower. [demonic ancestry]
 11449 | D:11     | Reached XP level 11. HP: 79/81 MP: 11/11
 11465 | D:11     | Reached *** piety under Makhleb
 11471 | D:11     | Killed Psyche
 11477 | D:11     | Reached skill level 5 in Invocations
 11539 | D:11     | Noticed Nergalle
 11548 | D:11     | Killed Nergalle
 11727 | D:11     | Noticed Urug
 11744 | D:11     | Killed Urug
 12066 | D:11     | Found a staircase to the Lair.
 12431 | D:12     | You fall into a shaft and drop 3 floors!
 12431 | D:15     | Entered Level 15 of the Dungeon
 12439 | D:15     | Noticed a purple ugly thing
 12440 | D:15     | Noticed a purple ugly thing
 12440 | D:15     | Noticed a purple ugly thing
 12440 | D:15     | Noticed a purple ugly thing
 12440 | D:15     | Noticed a purple ugly thing
 12470 | D:15     | Found Mazaj's General Store.
 12489 | D:15     | Reached skill level 10 in Invocations
 12508 | D:15     | Found Jeisea's Assorted Antiques.
 12548 | D:15     | Killed a brown ugly thing
 12584 | D:15     | Bought a scroll of identify for 56 gold pieces
 12603 | D:14     | Noticed a centaur warrior
 12608 | D:14     | Noticed a four-headed hydra
 12614 | D:14     | HP: 4/81 [five-headed hydra (6)]
 12617 | D:14     | HP: 1/81 [five-headed hydra (5)]
 12813 | D:13     | Noticed a centaur warrior
 12819 | D:13     | Killed a centaur warrior
 12820 | D:13     | Reached skill level 10 in Long Blades
 13085 | D:13     | Found Vaeqoek's Armour Emporium.
 13099 | D:13     | Noticed a centaur warrior
 13099 | D:13     | Noticed a boulder beetle
 13153 | D:13     | Killed a centaur warrior
 13170 | D:13     | Killed a boulder beetle
 13171 | D:13     | Reached skill level 11 in Long Blades
 13396 | D:13     | Gained mutation: You are partially covered in slimy green
                  | scales. (AC +2) [demonic ancestry]
 13396 | D:13     | Reached XP level 12. HP: 81/88 MP: 19/19
 13478 | D:13     | Bought the +2 plate armour of Midnight {Rampage +Inv} for
                  | 611 gold pieces
 13514 | D:13     | Noticed a two-headed ogre
 13534 | D:13     | Killed a two-headed ogre
 13540 | D:13     | Reached skill level 12 in Long Blades
 13615 | D:13     | Found a gate to the Vaults.
 13615 | D:13     | Noticed an ironbound preserver
 13615 | D:13     | Noticed a centaur warrior
 13615 | D:13     | Noticed a tengu warrior
 13623 | D:13     | Killed a tengu warrior
 13632 | D:13     | Killed an ironbound preserver
 13637 | D:13     | Killed a centaur warrior
 14161 | D:12     | Reached skill level 13 in Long Blades
 14225 | D:12     | Reached **** piety under Makhleb
 14762 | D:12     | Found a staircase to the Orcish Mines.
 14845 | D:12     | Reached skill level 1 in Transmutations
 15103 | Lair:1   | Entered Level 1 of the Lair of Beasts
 15107 | Lair:1   | Reached skill level 1 in Spellcasting
 15770 | Lair:2   | Noticed a four-headed hydra
 15782 | Lair:2   | Killed a 13-headed hydra
 16068 | Lair:2   | Reached ***** piety under Makhleb
 16069 | Lair:2   | Gained mutation: You sometimes gain power by taking damage.
                  | [demonic ancestry]
 16069 | Lair:2   | Reached XP level 13. HP: 68/94 MP: 20/20
 16098 | Lair:2   | Found a staircase to the Swamp.
 16335 | Lair:2   | Noticed Amaemon
 16342 | Lair:2   | Killed Amaemon
 16596 | Lair:2   | Reached skill level 1 in Maces & Flails
 17382 | Lair:3   | Reached skill level 10 in Fighting
 17667 | Lair:3   | Found a hole to the Spider Nest.
 18203 | Lair:4   | Found a viscous altar of Jiyva.
 18203 | Lair:4   | Found a staircase to the Slime Pits.
 18238 | Lair:4   | Reached skill level 10 in Armour
 18330 | Lair:4   | Reached XP level 14. HP: 73/110 MP: 21/21
 19133 | Lair:5   | Entered Level 5 of the Lair of Beasts
 19361 | Lair:5   | Reached ****** piety under Makhleb
 19811 | Lair:5   | Reached skill level 5 in Dodging
 20239 | Lair:5   | Gained mutation: You have hidden genetic potential. [potion
                  | of mutation]
 20239 | Lair:5   | Gained mutation: You have sharp toenails. [potion of
                  | mutation]
 20239 | Lair:5   | Gained mutation: Your mind is acute. (Int +4, Str/Dex -1)
                  | [potion of mutation]
 20311 | Swamp:1  | Entered Level 1 of the Swamp
 20418 | Swamp:1  | Killed from afar by an eleionoma

Illustrated notes

Levels and vault maps discovered:
D:1:      psy_arrival_basics, layout_basic, shapermc_ecumenical_altar_venn
D:2:      layout_basic, guppyfry_early_orc_mine, uniq_crazy_yiuf_cottage
D:3:      layout_basic, cheibrodos_ashenzari_chains
D:4:      layout_gridville, minmay_temple_entry_proselytizer,
          kennysheep_generic_room_14
D:5:      kennysheep_slugbush, layout_cave_pools, mainiacjoe_overflow_boulevard,
          ebering_dispersal_statue_hall
D:6:      layout_gridville, grunt_qazlal_sundering,
          mainiacjoe_overflow_brackets, nicolae_underground_beach
D:7:      layout_basic, trog_ov_bears_minmay
D:8:      layout_basic, minitemple, minmay_crystal_water, serial_park_tiny_2,
          hellmonk_bongcloud_opening
D:9:      layout_roguey, gammafunk_temple_overflow_elements
D:10:     layout_loops_corners, chequers_jeans, nicolae_figureground_sparkle
D:11:     erik_cavepeople, layout_loops_ring, lair_entry_dummy,
          chequers_serial_rivers_large_b, bh_walls_and_bars, uniq_urug,
          uniq_nergalle
D:12:     layout_stronghold, erik_orc_2, serial_column_ruins,
          column_ruins_grid_3, column_ruins_grid_1, column_ruins_grid_2,
          column_ruins_corridor_dead_end, minmay_variable_closet
D:13:     layout_rooms, skrybe_vaults_entry_preservation, serial_shops,
          nicolae_shop_waterfront
D:14:     minmay_the_grid_octo_tiled_squarecenter [minmay_the_grid_octo_teeth,
          minmay_the_grid_octo_thin_diamonds, minmay_the_grid_octo_concentric,
          minmay_the_grid_octo_fat_diamond,
          minmay_the_grid_square_5x5_megaprize_diamond,
          minmay_the_grid_square_5x5_six_small, minmay_the_grid_square_5x5_bite,
          minmay_the_grid_square_5x5_meh, minmay_the_grid_square_5x5_plus],
          layout_cave_pods, fedhas_altar_2, uniq_kirke
D:15:     gammafunk_enter_depths_forms, layout_grid_maze, serial_shops,
          nicolae_shop_competitors_out_of_business, nicolae_inconvenience_store,
          nicolae_shop_waterfront, nicolae_shop_behind_doors, shop
Temple:   cyrus_temple_forest
Lair:1:   layout_chaotic_city, infiniplex_staircase_pool_2,
          serial_bayou_shore_b, grunt_megastairs_1
Lair:2:   nzn_winding_woodlands_three_and_one
          [nzn_winding_woodlands_5x15_river_crossing,
          nzn_winding_woodlands_5x15_split_checker,
          nzn_winding_woodlands_5x15_concentric,
          nzn_winding_woodlands_center_pierced_h], layout_regular_city,
          minmay_swamp_entry_reptiles, nicolae_lair_run_with_the_wolves,
          uniq_amaemon
Lair:3:   layout_gridlike, spider_nest_entry_rubble, st_stairs_6
Lair:4:   layout_roguey, dpeg_slime_entry_enclosed, beast_lair_carwin_11,
          lemuel_fruit_fields
Lair:5:   hangedman_lair_in_review, layout_regular_city,
          guppyfry_lair_end_dragon, kennysheep_abandoned_house,
          infiniplex_staircase_pool
Swamp:1:  layout_falls_marsh, evilmike_swamp_ruin_wall, swamp_pool1

Skill      XL: |  1  2  3  4  5  6  7  8  9 10 11 12 13 14 |
---------------+-------------------------------------------+-----
Stealth        | 1 2 3 5 |  5.0
Fighting       | 3 4 6 10 | 10.0
Staves         | 1 |  1.1
Short Blades   | 3 4 |  4.6
Long Blades    | 4 6 7 9 11 13 | 13.6
Armour         | 4 8 10 12 | 12.0
Evocations     | 5 |  5.0
Invocations    | 1 10 | 10.0
Transmutations | 3 |  3.1
Spellcasting   | 3 |  3.0
Maces & Flails | 1 |  1.3
Dodging        | 8 |  8.9
Throwing       | |  1.7

Action                   |  1- 3 |  4- 6 |  7- 9 | 10-12 | 13-15 || total
-------------------------+-------+-------+-------+-------+-------++-------
Melee: Rapier            |    97 |       |       |       |     2 ||    99
       Touch             |    10 |    11 |    31 |    73 |   134 ||   259
       Punch             |     1 |     3 |     1 |     4 |    12 ||    21
       Short sword       |    14 |   104 |    15 |       |    17 ||   150
       Falchion          |       |       |   179 |   400 |   569 ||  1148
Throw: Throwing net      |     1 |     2 |       |     7 |       ||    10
       Javelin           |     1 |       |       |     1 |     4 ||     6
Evoke: Wand              |       |       |       |     5 |     5 ||    10
       Piece from Xom's  |       |       |       |     1 |       ||     1
  Use: Scroll            |     6 |     6 |     9 |     6 |     5 ||    32
       Potion            |       |     1 |     1 |     6 |     9 ||    17
 Stab: Sleeping          |       |    16 |    12 |       |       ||    28
       Held in net/web   |       |       |       |     1 |       ||     1
       Distracted        |       |       |       |       |     1 ||     1
       Confused          |       |       |       |       |     1 ||     1
Armor: Leather armour    |    30 |    19 |    47 |       |       ||    96
       Plate armour      |    26 |     5 |    21 |   316 |   365 ||   733
       Skin              |       |       |       |     1 |     7 ||     8
Dodge: Dodged            |    69 |    32 |   125 |   135 |   162 ||   523

Table legend: (Time is in decaauts)
 A = Elapsed time spent in this place.
 B = Non-inter-level travel time spent in this place.
 C = Inter-level travel time spent in this place.
 D = Time resting spent in this place.
 E = Time spent auto-exploring this place.
 F = Levels seen in this place.
 G = Mean time per level.
                   A        B        C        D        E       F      G
               +--------+--------+--------+--------+--------+-----+--------+
         Total |  20084 |  19096 |    988 |   3157 |  12864 |  22 |  912.9 |
       Dungeon |  14843 |  14096 |    747 |   2433 |   9501 |  15 |  989.5 |
        Temple |    197 |     85 |    112 |      0 |     40 |   1 |  197.0 |
          Lair |   4965 |   4838 |    127 |    723 |   3323 |   5 |  993.0 |
         Swamp |     78 |     78 |      0 |      0 |      0 |   1 |   78.0 |
               +--------+--------+--------+--------+--------+-----+--------+

Top non-repeatable levels by time:
  Lair:2: 1549 daAuts
    D:13: 1495 daAuts
     D:1: 1302 daAuts
    D:11: 1260 daAuts
     D:2: 1224 daAuts
     D:3: 1170 daAuts
    D:10: 1165 daAuts
     D:7: 1104 daAuts
  Lair:5: 1065 daAuts
     D:4: 1047 daAuts
    D:12: 1032 daAuts
     D:8: 1026 daAuts
     D:9: 1018 daAuts
     D:5: 926 daAuts
  Lair:4: 916 daAuts
